 Dungeon Crawl Stone Soup version 0.23.0-3-gf3c87f2df8 (webtiles) character file.

Game seed: 2867531345899967520

46 Sondor the Slasher (level 3, -1/29 HPs)
             Began as a Demonspawn Chaos Knight on Feb 24, 2019.
             Was a Plaything of Xom.
             Slain by a worm (5 damage)
             ... on level 2 of the Dungeon.
             The game lasted 00:01:48 (1295 turns).

Sondor the Slasher (Demonspawn Chaos Knight)        Turns: 1295, Time: 00:01:49

Health: -1/29      AC: 10    Str: 13    XL:     3   Next: 44%
Magic:  3/3        EV:  8    Int: 13    God:    Xom [....*.]
Gold:   72         SH:  4    Dex: 17    Spells: 2/2 levels left

rFire    + . .     SeeInvis .   a - +0 falchion (chaos)
rCold    . . .     Gourm    .   k - +0 buckler
rNeg     . . .     Faith    .   i - +0 plate armour {rF+}
rPois    .         Spirit   .   (helmet restricted)
rElec    .         Reflect  .   (no cloak)
rCorr    .         Harm     .   (no gloves)
MR       .....                  (no boots)
Stlth    ..........             (no amulet)
HPRegen  0.09/turn              (no ring)
MPRegen  0.08/turn              (no ring)

@: agile
A: horns 1, demonic guardian 1
a: Renounce Religion


You were on level 2 of the Dungeon.
You worshipped Xom.
You were a beloved toy of Xom.
You were very hungry.

You visited 1 branch of the dungeon, and saw 2 of its levels.

You collected 72 gold pieces.

Inventory:

Hand Weapons
 a - a +0 falchion of chaos (weapon)
Armour
 b - a +2 leather armour
 i - a +0 plate armour of fire resistance (worn)
 k - a +0 buckler (worn)
Scrolls
 e - a scroll of enchant weapon {unknown}
 f - a scroll of amnesia {unknown}
 g - 2 scrolls of magic mapping {unknown}
 h - 2 scrolls of enchant armour {unknown}
 j - a scroll of remove curse {unknown}
Comestibles
 c - 2 rations


   Skills:
 + Level 3.4 Fighting
 + Level 3.5 Long Blades
 + Level 2.0 Armour
 + Level 1.1 Dodging
 + Level 0.1 Stealth


You had 2 spell levels left.
You didn't know any spells.
Your spell library was empty.

Dungeon Overview and Level Annotations

Branches:
Dungeon (2/15)

Altars:


Innate Abilities, Weirdness & Mutations

You have a pair of small horns on your head.
A weak demonic guardian rushes to your aid.


Message History

You are too injured to fight recklessly!
There are monsters nearby!
You are too injured to fight recklessly!
Your plate armour prevents you from hitting the worm.
The goblin hits you but does no damage.
You slash the worm!
The worm looks faint for a moment.
You headbutt the worm!
The worm is severely wounded.
The goblin hits you but does no damage. The worm bites you.
* * * LOW HITPOINT WARNING * * *
Your plate armour prevents you from hitting the goblin.
The goblin hits you but does no damage. The worm bites you.
* * * LOW HITPOINT WARNING * * *
It was a potion of agility.
You feel agile all of a sudden. The goblin hits you but does no damage.
Your shield prevents you from hitting the worm.
The worm is severely wounded.
The goblin hits you but does no damage. The worm bites you.
You die... "I guess I need a new plaything now."

,,, ,,, * # #.* #...#.##...# ,
,,,, ,,*.#.#.# ##..........#
,,*,*,,,, ...#..* #....#..##..#
,*,****** .....###..####)#...###
* ,,,*** ***#..#.....# #........
* ,**, ,#####.....#..# #........
**, **** .........##..# #........
,, ,,,,*#.....○...#..###<.......
,, , *,,......w@.....#..........
,, , ***......)g.......#........
,,,,,,,,,...............#########
,,,,, , #.%>........##.< *
,,,,,,, ,.......#.##.#**.,*
,,,,,,,**#...####.. .#* *,*****
,,<,, ,,[..., ,,..,,.,,,,,,,, *
,, ,,,,,,.##*****### *#*** ** ,*
,,,,,,,,,,* ** *


You could see a worm and a goblin.

Vanquished Creatures
  2 oozes (D:1)
  2 leopard geckos (D:1)
  A ball python (D:1)
  6 goblins
  4 hobgoblins (D:1)
  A jackal (D:1)
  A quokka (D:2)
  7 bats
  A frilled lizard (D:1)
  5 kobolds (D:1)
  3 rats (D:1)
33 creatures vanquished.

Notes
Turn   | Place    | Note
-------+----------+-------------------------------------------
     0 | D:1      | Sondor the Demonspawn Chaos Knight began the quest for the
                  | Orb.
     0 | D:1      | Reached XP level 1. HP: 18/18 MP: 1/1
   204 | D:1      | XOM: mild Conj miscast
   206 | D:1      | Gained mutation: A weak demonic guardian rushes to your
                  | aid. [demonic ancestry]
   206 | D:1      | Reached XP level 2. HP: 12/24 MP: 2/2
   453 | D:1      | Gained mutation: You have a pair of small horns on your
                  | head. [demonic ancestry]
   453 | D:1      | Reached XP level 3. HP: 22/29 MP: 3/3
   454 | D:1      | Reached skill level 1 in Dodging
   564 | D:1      | XOM: 1-stop teleportation journey
  1175 | D:1      | XOM: harmless Conj miscast
  1282 | D:2      | XOM: smoke on damage
  1284 | D:2      | XOM: divination: magic mapping
  1295 | D:2      | Slain by a worm

Skill      XL: |  1  2  3 |
---------------+----------+-----
Long Blades    | 3 |  3.5
Dodging        | 1 |  1.1
Armour         | 2 |  2.0
Fighting       | |  3.4
Stealth        | |  0.1

Action                   || total
-------------------------++-------
Melee: Falchion          ||    92
       Headbutt          ||     4
  Use: Potion            ||     1
 Stab: Paralysed         ||     1
Armor: Leather armour    ||    38
       Plate armour      ||    27
Dodge: Dodged            ||    50
Block: Buckler           ||     3
       Rpst.: Falchion   ||    18
